 Dungeon Crawl Stone Soup version 0.30-a0-777-ga9a30cbeda (webtiles) character file.

Game seed: 9742867541863745849

842955 juan097 the Ice Dragon (level 27, -20/242 HPs)
             Began as a White Draconian Ice Elementalist on Feb 13, 2023.
             Was the Champion of Vehumet.
             Killed from afar by a quicksilver elemental (30 damage)
             ... with a bolt of dispelling energy
             ... on level 25 of a ziggurat on Feb 14, 2023.
             The game lasted 08:33:32 (87276 turns).

juan097 the Ice Dragon (DrIE)                      Turns: 87276, Time: 08:33:32

Health: -20/242    AC: 27    Str: 14    XL:     27
Magic:  48/56      EV: 20    Int: 36    God:    Vehumet [******]
Gold:   4621       SH:  8    Dex: 11    Spells: 14/66 levels left

rFire   + + .      SeeInvis +    b - staff of conjuration
rCold   + + +      Faith    .    l - +3 buckler {AC+3}
rNeg    + + +      Spirit   .    (body armour unavailable)
rPois   +          Reflect  .    g - +2 hat {Int+3}
rElec   +          Harm     .    W - +2 cloak of Hedge Wizardry {Fly Regen+ MP+9}
rCorr   +          Rampage  .    R - +2 pair of gloves "Rem Huja" {rC- Regen+ rCorr Str+3}
Will    ++...      Rage     3%   q - +2 pair of boots {Stlth+}
Stlth   +++++                    E - amulet of Virtue {RegenMP rElec rN++}
HPRegen 2.20/turn                f - ring "Peufyexo" {rPois rF+ rC+ rN+ Int+2, =R}
MPRegen 0.75/turn                z - ring "Zurchine" {rF+ rC++ Str-3 Int+6 SInv}

@: flying, very slightly contaminated, studying 4 skills
A: breathe frost, AC +13, unfitting armour, cold resistance 1, cold-blooded,
horns 1, berserk 1, clumsy 1, frail 1, no potion heal 1
}: 5/15 runes: decaying, serpentine, slimy, silver, abyssal
a: Breathe Frost, Renounce Religion


You were on level 25 of a ziggurat.
You worshipped Vehumet.
Vehumet was exalted by your worship.
You visited 11 branches of the dungeon, and saw 55 of its levels.
You visited the Abyss 1 time.
You visited 1 bazaar.
You visited 1 ziggurat, and saw 25 of its levels.
You also visited: Sewer, Ice Cave, Wizlab and Desolation.

You collected 9355 gold pieces.
You spent 4734 gold pieces at shops.

Inventory:

Hand Weapons
 w - a +9 scimitar of holy wrath
 A - the +8 short sword of Beogh's Hope {elec, *Noise rElec rPois rF+}
   (You found it in a wizard's laboratory)

   rF:        It protects you from fire.
   rElec:     It insulates you from electricity.
   rPois:     It protects you from poison.
   *Noise:    It may make noises in combat.
Missiles
 k - 5 curare-tipped darts
Armour
 g - a +2 hat of intelligence (worn)
 l - a +3 buckler of protection (worn)
 q - a +2 pair of boots of stealth (worn)
 R - the +2 pair of gloves "Rem Huja" (worn) {rC- Regen+ rCorr Str+3}
   (You bought it in a shop on level 1 of the Dungeon)

   Str:       It affects your strength (+3).
   rC:        It makes you vulnerable to cold.
   Regen:     It increases your rate of health regeneration.
   rCorr:     It protects you from acid and corrosion.
 V - a +2 pair of gloves of dexterity
 W - the +2 cloak of Hedge Wizardry (worn) {Fly Regen+ MP+9}
   (You found it on level 2 of the Orcish Mines)

   MP:        It affects your magic capacity (+9).
   Fly:       It grants you flight.
   Regen:     It increases your rate of health regeneration.
 X - a +2 hat of willpower
Magical Staves
 a - a staff of cold
 b - a staff of conjuration (weapon)
Jewellery
 f - the ring "Peufyexo" (left hand) {rPois rF+ rC+ rN+ Int+2, =R}
   (You took it off a servant of whispers in the Desolation of Salt)

   [ring of protection from cold]

   Int:       It affects your intelligence (+2).
   rF:        It protects you from fire.
   rC:        It protects you from cold.
   rPois:     It protects you from poison.
   rN:        It protects you from negative energy.
 o - the amulet of Vitality {RegenMP++ Regen++}
   (You found it on level 12 of a ziggurat)

   [amulet of magic regeneration]

   It increases your rate of magic regeneration.
   Regen:     It increases your rate of health regeneration.
 v - the amulet of the Four Winds {rN+ Will+++ Clar}
   (You found it on level 22 of a ziggurat)

   [amulet of nothing]

   rN:        It protects you from negative energy.
   Clar:      It protects you against confusion.
   Will:      It greatly increases your willpower.
 x - the ring "Wutul" {rF+ rC++ rN+ rCorr}
   (You found it on level 19 of a ziggurat)

   [ring of positive energy]

   rF:        It protects you from fire.
   rC:        It greatly protects you from cold.
   rN:        It protects you from negative energy.
   rCorr:     It protects you from acid and corrosion.
 z - the ring "Zurchine" (right hand) {rF+ rC++ Str-3 Int+6 SInv}
   (You found it on level 21 of a ziggurat)

   [ring of intelligence]

   Str:       It affects your strength (-3).
   Int:       It affects your intelligence (+6).
   rF:        It protects you from fire.
   rC:        It greatly protects you from cold.
   SInv:      It lets you see invisible.
 E - the amulet of Virtue (around neck) {RegenMP rElec rN++}
   (You found it in an ice cave)

   [amulet of magic regeneration]

   It increases your rate of magic regeneration.
   rElec:     It insulates you from electricity.
   rN:        It greatly protects you from negative energy.
 G - the ring "Kitu" {rPois rF+ rC+ Str-3 Dex+4}
   (You found it on level 22 of a ziggurat)

   [ring of protection from fire]

   Str:       It affects your strength (-3).
   Dex:       It affects your dexterity (+4).
   rF:        It protects you from fire.
   rC:        It protects you from cold.
   rPois:     It protects you from poison.
 L - the ring of Saihaxas {Fly rElec rN+ Will+ Dex+3}
   (You found it on level 15 of a ziggurat)

   [ring of positive energy]

   Dex:       It affects your dexterity (+3).
   rElec:     It insulates you from electricity.
   rN:        It protects you from negative energy.
   Fly:       It grants you flight.
   Will:      It increases your willpower.
 U - a ring of Eceymuir {rPois rF++ Str+5}
   (You took it off a deep elf archer on level 3 of the Elven Halls)

   [ring of poison resistance]

   Str:       It affects your strength (+5).
   rF:        It greatly protects you from fire.
   rPois:     It protects you from poison.
 Y - the ring of the Stag {Ice rElec rN+ Str+3 Stlth-}
   (You bought it in a shop on level 9 of the Dungeon)

   [ring of ice]

   It enhances your ice magic.
   Str:       It affects your strength (+3).
   rF:        It makes you vulnerable to fire.
   rC:        It protects you from cold.
   rElec:     It insulates you from electricity.
   rN:        It protects you from negative energy.
   Stlth:     It makes you less stealthy.
Wands
 s - a wand of quicksilver (15)
 K - a wand of digging (4)
 N - a wand of charming (19)
 P - a wand of iceblast (43)
Scrolls
 c - 13 scrolls of fear
 e - 6 scrolls of butterflies
 j - 5 scrolls of enchant weapon
 n - 25 scrolls of fog
 r - 7 scrolls of magic mapping
 C - 13 scrolls of enchant armour
 D - 7 scrolls of silence
 F - 20 scrolls of teleportation
 Q - 6 scrolls of amnesia
 Z - a scroll of blinking
Potions
 d - 27 potions of curing
 h - 5 potions of magic
 i - 8 potions of haste
 m - 7 potions of brilliance
 p - 7 potions of cancellation
 t - 11 potions of heal wounds
 u - 5 potions of might
 H - a potion of berserk rage
 O - 10 potions of resistance
 T - 4 potions of invisibility
Miscellaneous
 y - a condenser vane
 B - a lightning rod (4/4)
 I - a phial of floods (inert)
 J - a phantom mirror


   Skills:
 + Level 26.1 Fighting
 - Level 11.5(14.4) Short Blades
 - Level 14.0(15.6) Long Blades
 - Level 12.0 Staves
 - Level 6.0 Ranged Weapons
 - Level 4.0 Throwing
 - Level 22.0 Dodging
 - Level 10.0 Stealth
 - Level 8.0 Shields
 + Level 20.1 Spellcasting
 + Level 16.2 Conjurations
 - Level 12.0 Hexes
 - Level 10.0 Summonings
 - Level 10.0 Translocations
 - Level 12.0 Transmutations
 O Level 27 Ice Magic
 - Level 10.0 Air Magic
 - Level 10.0 Earth Magic
 - Level 20.0 Evocations


You had 14 spell levels left.
You knew the following spells:

 Your Spells              Type           Power      Damage    Failure   Level
a - Blink                 Tloc           100%       N/A       1%          2
b - Orb of Destruction    Conj           62%        9d15      1%          7
c - Ozocubu's Armour      Ice            100%       N/A       0%          3
d - Polar Vortex          Ice            62%        N/A       1%          9
e - Irradiate             Conj/Tmut      59%        3d31      1%          5
f - Ozocubu's Refrigerat  Ice            62%        4d21      0%          7
g - Arcjolt               Conj/Air       57%        1d67      1%          5
h - Lee's Rapid Deconstr  Erth           41%        3d20*     1%          5
i - Yara's Violent Unrav  Hex/Tmut       44%        3d17      1%          5
j - Iskenderun's Mystic   Conj/Tloc      100%       2d19      1%          4

Your spell library contained the following spells:

 Spells                   Type           Power      Damage    Failure   Level
 Maxwell's Capacitive Co  Air            41%        ∞         28%         8
 Shatter                  Erth           41%        3d32*     98%         9
 Beastly Appendage        Tmut           100%       N/A       0%          1
 Freeze                   Ice            100%       1d10      0%          1
 Magic Dart               Conj           100%       1d8       0%          1
 Sandblast                Erth           100%       2d20      0%          1
 Shock                    Conj/Air       100%       1d9       0%          1
 Slow                     Hex            100%       N/A       0%          1
 Summon Small Mammal      Summ           100%       N/A       0%          1
 Ensorcelled Hibernation  Hex/Ice        100%       N/A       0%          2
 Momentum Strike          Conj/Tloc      100%       3d10      0%          2
 Passwall                 Tmut/Erth      71%        N/A       0%          2
 Static Discharge         Conj/Air       100%       2-7/arc   0%          2
 Wereblood                Tmut           89%        N/A       0%          2
 Dazzling Flash           Conj/Hex       100%       N/A       0%          3
 Frozen Ramparts          Ice            100%       1d16      0%          3
 Hailstorm                Conj/Ice       100%       3d20      0%          3
 Stone Arrow              Conj/Erth      100%       3d13      0%          3
 Ice Form                 Ice/Tmut       100%       N/A       0%          4
 Summon Ice Beast         Ice/Summ       100%       N/A       0%          4
 Freezing Cloud           Conj/Ice/Air   64%        6-21      0%          5
 Metabolic Englaciation   Hex/Ice        54%        N/A       0%          5
 Foxfire                  Conj/Fire      100%       2x1d9     1%          1
 Kiss of Death            Conj/Necr      100%       2d13      1%          1
 Necrotise                Necr           100%       1d9       1%          1
 Sting                    Tmut/Pois      100%       1d8       1%          1
 Call Imp                 Summ           83%        N/A       1%          2
 Cigotuvi's Dreadful Rot  Necr/Pois/Air  100%       N/A       1%          2
 Lesser Beckoning         Tloc           100%       N/A       1%          2
 Poisonous Vapours        Pois/Air       100%       N/A       1%          2
 Scorch                   Fire           72%        2d8       1%          2
 Call Canine Familiar     Summ           83%        N/A       1%          3
 Confusing Touch          Hex            89%        N/A       1%          3
 Gell's Gravitas          Tloc           83%        N/A       1%          3
 Ignite Poison            Fire/Tmut/Pois 60%        N/A       1%          3
 Inner Flame              Hex/Fire       68%        N/A       1%          3
 Kindle Blastsparks       Fire/Tloc/Air  100%       2d18      1%          3
 Mephitic Cloud           Conj/Pois/Air  99%        N/A       1%          3
 Portal Projectile        Hex/Tloc       100%       N/A       1%          3
 Summon Guardian Golem    Hex/Summ       86%        N/A       1%          3
 Swiftness                Air            83%        N/A       1%          3
 Teleport Other           Tloc           83%        N/A       1%          3
 Tukima's Dance           Hex            89%        N/A       1%          3
 Vhi's Electric Charge    Tloc/Air       100%       N/A       1%          3
 Airstrike                Air            41%        2d(6-22)  1%          4
 Anguish                  Hex/Necr       34%        N/A       1%          4
 Cause Fear               Hex            44%        N/A       1%          4
 Flame Wave               Conj/Fire      97%        2d20      1%          4
 Fulminant Prism          Conj/Hex       59%        3d24      1%          4
 Leda's Liquefaction      Hex/Erth       43%        N/A       1%          4
 Manifold Assault         Tloc           83%        N/A       1%          4
 Passage of Golubria      Tloc           83%        N/A       1%          4
 Petrify                  Tmut/Erth      86%        N/A       1%          4
 Sticky Flame             Conj/Fire      97%        2d11      1%          4
 Blade Hands              Tmut           44%        N/A       1%          5
 Fireball                 Conj/Fire      48%        3d19      1%          5
 Lightning Bolt           Conj/Air       57%        1d79      1%          5
 Silence                  Hex/Air        43%        N/A       1%          5
 Summon Forest            Summ/Tloc      41%        N/A       1%          5
 Summon Mana Viper        Hex/Summ       86%        N/A       1%          5
 Iron Shot                Conj/Erth      57%        9d11      1%          6
 Simulacrum               Ice/Necr       46%        N/A       1%          6
 Starburst                Conj/Fire      48%        6d13      1%          6
 Statue Form              Tmut/Erth      57%        N/A       1%          6
 Spellforged Servitor     Conj/Summ      57%        N/A       1%          7
 Alistair's Intoxication  Tmut/Pois      45%        N/A       2%          5
 Dispersal                Tloc           41%        N/A       2%          6
 Summon Cactus Giant      Summ           41%        N/A       2%          6
 Vampiric Draining        Necr           36%        2d8       3%          3
 Borgnjor's Vile Clutch   Necr/Erth      32%        N/A       3%          5
 Eringya's Noxious Bog    Tmut/Pois      34%        N/A       3%          6
 Dragon Form              Tmut           44%        N/A       6%          7
 Enfeeble                 Hex            44%        N/A       6%          7
 Lehudib's Crystal Spear  Conj/Erth      57%        10d13     9%          8
 Dispel Undead            Necr           36%        3d15      10%         4
 Storm Form               Tmut/Air       43%        N/A       10%         7
 Malign Gateway           Summ/Tloc      41%        N/A       14%         7
 Monstrous Menagerie      Summ           41%        N/A       14%         7
 Summon Hydra             Summ           41%        N/A       14%         7
 Agony                    Necr           36%        N/A       28%         5
 Discord                  Hex            44%        N/A       43%         8
 Chain Lightning          Conj/Air       57%        3d76      71%         9
 Haunt                    Necr/Summ      32%        N/A       73%         7
 Disjunction              Tloc           41%        N/A       73%         8
 Summon Horrible Things   Summ           41%        N/A       73%         8
 Death Channel            Necr           18%        N/A       83%         6
 Ignition                 Fire           18%        3d7       100%        8
 Dragon's Call            Summ           41%        N/A       100%        9
 Animate Armour           Summ/Erth      Unusable   N/A       N/A         4

Dungeon Overview and Level Annotations

Branches:
Dungeon (15/15)            Temple (0/1) D:7            Lair (5/5) D:9
  Swamp (4/4) Lair:2        Snake (4/4) Lair:2        Slime (5/5) Lair:4
    Orc (2/2) D:11            Elf (3/3) Orc:2        Vaults (5/5) D:14
  Crypt (3/3) Vaults:3       Tomb (0/3) Crypt:3      Depths (4/4) D:15
    Zot (5/5) Depths:4      Sewer (visited)           IceCv (visited)
 WizLab (visited)         Desolation (visited)

Altars:
Dithmenos
Elyvilon
Fedhas
Hepliaklqana
Kikubaaqudgha
Makhleb
Okawaru
Qazlal
Ru
Sif Muna
Trog
Vehumet
Xom
Yredelemnul
Zin
Jiyva

Shops:
D:1 [   D:6 :   D:9 :=   Orc:2 !=?[   Elf:1 *   Elf:3 [   Snake:3 *[[*
Vaults:2 (   Depths:2 =:=   Depths:4 [

Portals:
Hell: Depths:1 Depths:2 Depths:3 Depths:4
Abyss: Depths:1 Depths:3 Depths:4
Pandemonium: Depths:2

Annotations:
Lair:5 jimonade's ghost, journeyman DjIE
Snake:1 Roxanne
Snake:2 Vashnia
Snake:3 Mara
Crypt:1 3 runed translucent doors


Innate Abilities, Weirdness & Mutations

You can breathe waves of freezing cold which knock back foes.
Your icy white scales are hard. (AC +13)
You cannot fit into any form of body armour.
Your flesh is cold resistant. (rC+)
You are cold-blooded and may be slowed by cold attacks.
You have a pair of small horns on your head.
You sometimes lose your temper in combat.
You are clumsy. (Dex -2)
You are frail. (-10% HP)
Potions are less effective at restoring your health.


Message History

The quicksilver elemental breathes dispelling energy at you.
The bolt of dispelling energy misses you.
The winds around you start to calm down.
Your system partially rejects the healing.
You feel much better.
You are engulfed in whirling frost.
The iron giant throws the iron golem at you!
Blink to where?
Press: ? - help, Dir - move target
As you read the scroll of blinking, it crumbles to dust.
The quicksilver elemental breathes dispelling energy at you.
The bolt of dispelling energy hits you!!
Your magical effects are unravelling.
* * * LOW HITPOINT WARNING * * *
As you read the scroll of fog, it crumbles to dust.
The scroll dissolves into smoke.
You feel yourself slow down.
You are no longer corroded.
Your system partially rejects the healing.
You feel much better. The winds around you calm down.
An iron giant, an ancient champion and an iron golem come into view.
The ancient champion is wielding a +1 great mace of draining.
The iron giant shouts!
The iron giant throws the iron golem at you!
The iron golem completely misses you. The iron golem hits you!!
* * * LOW HITPOINT WARNING * * *
Blink to where?
Press: ? - help, Dir - move target
As you read the scroll of blinking, it crumbles to dust.
A quicksilver elemental comes into view. x2
Blink to where?
Press: ? - help, Dir - move target A quicksilver elemental comes into view.
Found twenty-one items.
Found two gates leading back out of this place.
Found a stone staircase leading down.
As you read the scroll of blinking, it crumbles to dust.
A quicksilver elemental comes into view.
The quicksilver elemental breathes dispelling energy at you.
The bolt of dispelling energy hits you!!
You die...

... ... .E..!["∩!▓
... ....??!>?? ...
....)![∩:▓ ...
E...))!}|▓ ...
.....?:=:▓ ...
.........▓ ...
.........▓
....E.....E.....@▓
.................▓
.. .....8.8......▓
.C..............▓▓
........8.8....▓
...............▓
..............▓
...§§.....§..▓
.§§§§.......▓▓


You could see 3 quicksilver elementals.

Vanquished Creatures
  the Royal Jelly (Slime:5)
  Dissolution (Slime:2)
  16 dread liches
  Mennas (Depths:4)
  10 ancient liches
  6 orbs of fire
  The ghost of Pet Giop the Slayer, a veteran OgBe of Trog (Zot:4)
  The ghost of Bucoetae the Slayer, a veteran OgBe of Trog (Zot:4)
  8 juggernauts (Zig:21)
  Vv (Depths:3)
  15 Killer Klowns
  Saint Roka (Snake:2)
  Frederick (Vaults:3)
  12 golden dragons
  2 curse toes
  2 caustic shrikes (Zig:25)
  3 profane servitors
  Jory (Crypt:2)
  10 bone dragons
  5 Brimstone Fiends
  2 doom hounds (Zig:14)
  An iron giant (Zig:25)
  10 pandemonium lords
  The ghost of Naurph the Champion of Chaos, an adept DjVM of Makhleb (Swamp:3)
  3 electric golems
  Cloud Mage (WizLab)
  2 Tzitzimimeh
  20 tentacled monstrosities
  2 tainted leviathans (Zig:14)
  The ghost of jimonade the Phalangite, an adept MfGl of Okawaru (Depths:2)
  25 Orb Guardians (Zot:5)
  14 hellephants
  5 liches
  Asterion (Elf:1)
  2 deep elf blademasters (Elf:3)
  4 Hell Sentinels (Zig:25)
  2 deep elf master archers (Elf:3)
  7 quicksilver dragons
  6 searing wretches (Zig:19)
  5 titans
  11 sphinxes
  5 ancient champions
  8 tentacled starspawn
  16 acid blobs
  6 death cobs
  An eldritch tentacle (Zig:15)
  3 tengu reavers
  16 storm dragons
  19 shadow dragons
  Kirke (D:15)
  Donald (Snake:2)
  10 fire giants
  7 draconian monks
  6 thorn hunters
  26 nagarajas
  5 fenstrider witches
  18 azure jellies
  3 revenants
  5 draconian knights
  19 rockslimes
  9 frost giants
  An iron dragon (Zot:2)
  4 imperial myrmidons (Desolation)
  8 deep elf sorcerers
  4 draconian scorchers
  A caustic shrike zombie (Crypt:3)
  3 spriggan defenders (Depths:2)
  15 vault wardens
  A spectral juggernaut (Zig:14)
  3 draconian stormcallers
  2 draconian annihilators
  12 draconian shifters
  2 curse skulls (Zig:23)
  3 ghouls
  3 ghost moths
  8 reapers
  An angel (Abyss:4)
  2 deep elf elementalists
  12 balrugs
  8 orc warlords
  3 demonspawn blood saints (Zig:15)
  4 demonspawn corrupters
  15 ironbound preservers
  4 cacodemons
  A caustic shrike skeleton (Crypt:3)
  A quicksilver ooze (shapeshifter) (Zig:18)
  28 very ugly things
  10 quicksilver oozes
  18 stone giants
  6 war gargoyles
  9 ironbound thunderhulks
  12 green draconians
  6 deep elf demonologists
  A demonspawn black sun (Zig:15)
  5 vampire knights
  Azrael (D:15)
  13 purple draconians
  15 eleionomae
  19 black draconians
  11 yellow draconians
  13 spark wasps
  11 bunyips
  4 putrid mouths (Zig:14)
  A halazid warlock (Desolation)
  2 lorocyprocas (Zig:22)
  A spark wasp (shapeshifter) (Zig:22)
  8 deep elf annihilators
  A dire elephant (shapeshifter) (Zig:22)
  A bunyip (shapeshifter) (Zig:18)
  11 red draconians
  6 white draconians
  9 deep elf death magi
  17 dire elephants
  Snorg (D:11)
  21 ettins
  5 eidola
  11 green deaths
  10 great orbs of eyes
  3 crystal guardians
  11 jiangshi (Crypt:2)
  A mummy priest (Crypt:3)
  9 yaktaur captains
  A spriggan zombie (Crypt:1)
  5 shambling mangroves
  6 blizzard demons
  2 rakshasas
  13 fire dragons
  Fannar (Lair:3)
  7 peacekeepers
  5 ragged hierophants (Desolation)
  A great orb of eyes (shapeshifter) (Vaults:5)
  A bennu zombie (Crypt:1)
  5 deep elf high priests
  The ghost of Bediveer the Cleaver, a journeyman DsFi of Okawaru (D:10)
  A hydra (shapeshifter) (Zig:11)
  40 vault guards
  22 hydras
  11 spriggan air magi
  7 servants of whispers (Desolation)
  2 hell beasts
  10 ice dragons
  The ghost of boo the Unseen, a journeyman SpEn of Gozag (Orc:2)
  9 two-headed ogres
  30 salamander tyrants
  A spectral fenstrider witch (Swamp:3)
  5 ghost crabs
  8 ironbound frosthearts
  9 ogre magi
  An alligator snapping turtle (shapeshifter) (Zig:22)
  A fenstrider witch skeleton (Crypt:1)
  A stoker (Zig:19)
  18 anacondas
  4 boulder beetles
  2 death knights
  5 death yaks
  5 deep troll shamans
  27 centaur warriors
  The ghost of Mickster the Covered, a novice DgGl (Orc:1)
  16 alligators
  27 dancing weapons
  4 deep troll earth magi
  11 hell hogs
  23 naga warriors
  12 spriggan berserkers
  2 tengu warriors (Depths:1)
  9 thrashing horrors
  An Orb Guardian skeleton (Crypt:1)
  17 orc high priests
  7 vampire magi
  Urug (Lair:2)
  11 shock serpents
  6 wretched stars
  22 naga sharpshooters
  Sonja (Lair:3)
  2 sun demons
  42 hell knights
  8 iron trolls
  7 soul eaters
  5 salamander mystics
  9 spriggans
  23 deep elf knights
  2 sixfirhies (Swamp:4)
  17 skeletal warriors
  10 goliath frogs
  A titan skeleton (Crypt:3)
  8 spriggan druids
  A storm dragon skeleton (D:15)
  8 large abominations
  13 deep elf archers
  3 shadow demons
  7 flayed ghosts
  7 bog bodies
  4 skysharks
  5 glowing orange brains
  12 death drakes
  9 wizards
  5 spatial maelstroms
  55 deep trolls
  6 harpies
  17 starcursed masses
  An orange crystal statue (IceCv)
  11 necromancers
  13 swamp dragons
  The ghost of epsilonplus the Covered, a novice AtFi (D:7)
  23 ironbound convokers
  12 naga ritualists
  A steelbarb worm (shapeshifter) (Elf:2)
  13 phantasmal warriors
  10 lindwurms
  11 orc knights
  A shadow dragon skeleton (Crypt:2)
  31 deep elf zephyrmancers
  A fenstrider witch simulacrum (Swamp:3)
  A shining eye (shapeshifter) (Elf:3)
  5 shining eyes
  11 mana vipers
  A manticore (D:14)
  27 deep elf pyromancers
  34 oklob plants
  2 fire giant zombies
  4 spectral spriggans (Swamp:3)
  12 orc sorcerers
  16 salamanders
  A frost giant zombie (D:15)
  7 will-o-the-wisps
  56 ugly things
  6 cyclopes
  An ice statue (D:9)
  13 guardian serpents
  25 moths of wrath
  A black mamba (shapeshifter) (Zig:22)
  13 vault sentinels
  9 elephants
  A demonic crawler (Zig:15)
  2 stone giant skeletons
  9 apocalypse crabs
  A rust devil (Zig:15)
  An eye of devastation (shapeshifter) (Zig:18)
  Maurice (D:10)
  64 black mambas
  An eleionoma skeleton (Crypt:3)
  5 eyes of devastation
  A dire elephant zombie (Crypt:1)
  8 smoke demons
  21 naga magi
  A water nymph (shapeshifter) (Zig:13)
  2 molten gargoyles (D:9)
  2 gargoyles (D:12)
  4 storm dragon simulacra (IceCv)
  20 cane toads
  A kobold demonologist (D:12)
  Maggie (D:6)
  2 unseen horrors
  2 cane toads (shapeshifter)
  2 torpor snails (shapeshifter)
  An efreet (Abyss:4)
  An unseen horror (shapeshifter) (Zig:22)
  3 orange demons (Swamp:4)
  2 tormentors
  11 komodo dragons
  23 yaktaurs
  2 tengu conjurers
  3 hellions
  A rime drake (Lair:4)
  2 ice devils (Zig:15)
  A spectral death drake (Swamp:3)
  7 freezing wraiths
  An anaconda simulacrum (Crypt:1)
  An alligator snapping turtle skeleton (Crypt:2)
  6 guardian mummies (Crypt:3)
  A grey draconian skeleton (Crypt:1)
  3 ancient zymes
  2 silent spectres
  9 trolls
  A hydra zombie (Crypt:1)
  3 bloated husks
  A red draconian skeleton (Crypt:1)
  A merfolk (shapeshifter) (Zig:9)
  A white draconian skeleton (Crypt:2)
  A hornet (shapeshifter) (Zig:22)
  3 wind drakes (shapeshifter)
  2 golden dragon simulacra (IceCv)
  3 hellwings
  4 wind drakes (WizLab)
  25 hornets
  4 polar bears
  14 tyrant leeches
  13 blink frogs
  9 raiju
  A dream sheep (shapeshifter) (Zig:11)
  47 saltlings (Desolation)
  73 slime creatures
  A spriggan (shapeshifter) (Vaults:5)
  19 air elementals
  3 ynoxinuls
  An ettin skeleton (Abyss:3)
  Sigmund (D:2)
  2 water elementals (Elf:3)
  A hog (shapeshifter) (Elf:1)
  A yak (shapeshifter) (Vaults:5)
  45 yaks
  7 hogs (D:15)
  9 wraiths
  A vampire (D:13)
  4 wyverns
  A shadow (Abyss:4)
  6 fire elementals
  11 golden eyes
  A golden eye (shapeshifter) (Zig:22)
  A redback (shapeshifter) (Zig:13)
  A steam dragon (D:8)
  2 basilisks
  17 humans (D:14)
  A basilisk (shapeshifter) (Zig:22)
  12 chaos spawn
  7 neqoxecs
  Grum (D:10)
  2 spriggan simulacra (Swamp:3)
  18 vampire mosquitoes
  A demonspawn zombie (Crypt:2)
  12 swamp worms
  14 wargs
  4 acid dragons
  6 spatial vortices
  59 nagas
  A floating eye (Depths:3)
  23 water moccasins
  10 hell hounds
  46 orc warriors
  A naga skeleton (Crypt:3)
  A swamp drake (Swamp:1)
  An ice beast (D:5)
  An elephant zombie (Crypt:1)
  2 black bears
  5 ice dragon simulacra (IceCv)
  17 ogres
  An ogre (shapeshifter) (Elf:1)
  12 wolves
  13 centaurs
  17 bullfrogs
  2 kobold brigands
  3 scorpions
  2 necrophages
  2 earth elementals (Elf:3)
  A water moccasin zombie (Crypt:3)
  20 wights
  A cyclops skeleton (Crypt:1)
  5 lindwurm simulacra (IceCv)
  A raiju skeleton (Crypt:2)
  3 howler monkeys
  7 electric eels
  A centaur zombie (Crypt:2)
  A gnoll bouda (Orc:2)
  A jelly (D:5)
  28 orc priests
  4 hounds
  Terence (D:2)
  2 small abominations (Abyss:3)
  Jessica (D:3)
  Ijyb (D:4)
  16 iguanas
  30 orc wizards
  4 lightning spires (Zig:17)
  3 hell rats (Lair:5)
  7 gnolls
  A river rat (D:4)
  14 adders
  2 shadow imps
  A white imp (D:6)
  4 ufetubi
  A lava snake zombie (Crypt:1)
  An adder zombie (Crypt:2)
  4 worms (D:3)
  2 dart slugs
  79 orcs
  5 ball pythons
  10 endoplasms
  16 giant cockroaches
  3 goblins
  6 hobgoblins
  19 kobolds
  8 quokkas
  A ball python zombie (Crypt:2)
  A bat (D:1)
  An endoplasm zombie (Crypt:3)
  28 frilled lizards
  A frilled lizard zombie (Crypt:3)
  A goblin skeleton (Crypt:3)
  An orc zombie (Crypt:1)
  11 rats
  4 ball lightnings
  A bush (Lair:4)
  A butterfly (Lair:2)
  A lurking horror (Abyss:4)
  6 plants (Zig:18)
  8 starspawn tentacles
3188 creatures vanquished.

Vanquished Creatures (collateral kills)
  Josephine (D:10)
  4 hydras
  An ice dragon (IceCv)
  A death yak (Lair:4)
  A dancing weapon (Elf:2)
  A skeletal warrior (D:15)
  A deep elf pyromancer (Orc:1)
  A deep elf zephyrmancer (Orc:1)
  An orc knight (Orc:2)
  An ugly thing (D:14)
  A molten gargoyle (D:9)
  A cane toad (Lair:5)
  2 komodo dragons
  A golden dragon simulacrum (IceCv)
  A tyrant leech (Lair:5)
  3 trolls
  7 blink frogs
  8 yaks
  2 wraiths (D:10)
  A swamp worm (Swamp:1)
  An ice beast (D:7)
  4 orc warriors
  An ogre (Orc:1)
  A centaur (D:11)
  2 bullfrogs
  A scorpion (D:9)
  4 wights
  4 lindwurm simulacra (IceCv)
  An electric eel (D:8)
  A howler monkey (D:11)
  2 orc priests
  An iguana (Lair:2)
  2 orc wizards
  A hell rat (Lair:5)
  2 gnolls (D:8)
  2 orcs
  2 butterflies (Lair:2)
72 creatures vanquished.

Vanquished Creatures (others)
  5 Killer Klowns
  3 pandemonium lords
  A tentacled monstrosity (Zig:20)
  A lich (Depths:2)
  A draconian knight (Zot:2)
  A fire giant (Vaults:5)
  A frost giant (shapeshifter) (Zig:13)
  A stone giant (Zig:11)
  A swamp dragon (Zig:20)
  A spectral spriggan (Swamp:3)
  A molten gargoyle (D:9)
  An apocalypse crab (Zig:13)
  A bloated husk (Swamp:4)
  A hornet (Zig:17)
  2 spriggans (Zig:17)
  An ogre (Vaults:5)
  A gnoll (D:4)
  2 ball lightnings (Zig:8)
  14 bushes (Depths:3)
  12 foxfires
  38 fungi
  239 plants
  2 starspawn tentacles
  15 withered plants
346 creatures vanquished.

Grand Total: 3606 creatures vanquished

Notes
Turn   | Place    | Note
-------+----------+-------------------------------------------
     0 | D:1      | juan097 the Draconian Ice Elementalist began the quest for
                  | the Orb.
     0 | D:1      | Reached XP level 1. HP: 14/14 MP: 3/3
   278 | D:1      | You fall into a shaft and drop 1 floor!
   541 | D:2      | Reached XP level 2. HP: 20/20 MP: 1/5
  1010 | D:1      | Reached XP level 3. HP: 26/26 MP: 3/6
  1359 | D:1      | Found Oxkuakh's Armour Boutique.
  1392 | D:1      | Learned a level 3 spell: Frozen Ramparts
  1820 | D:2      | Noticed Sigmund
  1900 | D:2      | Noticed Terence
  2334 | D:3      | HP: 1/26 [orc priest/divine providence (12)]
  2486 | D:3      | Noticed Jessica
  2490 | D:3      | Killed Jessica
  2491 | D:3      | Reached skill level 5 in Ice Magic
  2491 | D:3      | Reached XP level 4. HP: 33/33 MP: 2/8
  2752 | D:3      | Reached XP level 5. HP: 38/38 MP: 5/9
  2787 | D:3      | Learned a level 3 spell: Ozocubu's Armour
  2960 | D:3      | Found a radiant altar of Vehumet.
  2995 | D:3      | Found a burning altar of Makhleb.
  3022 | D:3      | Became a worshipper of Vehumet
  3650 | D:4      | Found a glowing drain.
  3703 | Sewer    | Entered a sewer
  3780 | Sewer    | Reached * piety under Vehumet
  3780 | Sewer    | Offered knowledge of Sandblast by Vehumet.
  3973 | Sewer    | Reached skill level 6 in Ice Magic
  3973 | Sewer    | Reached XP level 6. HP: 40/45 MP: 6/10
  4499 | D:4      | Found a glowing silver altar of Zin.
  4499 | D:4      | Found a shimmering blue altar of Sif Muna.
  4511 | D:4      | Found a stormy altar of Qazlal.
  4575 | D:4      | Noticed Ijyb
  4585 | D:4      | Killed Ijyb
  4586 | D:4      | Reached skill level 7 in Ice Magic
  4877 | D:4      | Found a sacrificial altar of Ru.
  5003 | D:4      | Your scales start taking on an icy white colour.
  5003 | D:4      | Reached skill level 8 in Ice Magic
  5003 | D:4      | Reached XP level 7. HP: 50/50 MP: 7/11
  5003 | D:4      | Gained mutation: Your flesh is cold resistant. (rC+) [White
                  | Draconian growth]
  5011 | D:4      | Learned a level 4 spell: Summon Ice Beast
  5155 | D:5      | Entered Level 5 of the Dungeon
  5256 | D:5      | Reached skill level 1 in Fighting
  5256 | D:5      | Reached skill level 1 in Summonings
  5387 | D:5      | Offered knowledge of Static Discharge by Vehumet.
  5388 | D:5      | Reached skill level 1 in Short Blades
  5388 | D:5      | Reached skill level 1 in Evocations
  5447 | D:5      | Reached ** piety under Vehumet
  5452 | D:5      | Found a hazy altar of Hepliaklqana.
  5452 | D:5      | Found an ancient bone altar of Kikubaaqudgha.
  6000 | D:6      | Reached XP level 8. HP: 38/61 MP: 10/13
  6104 | D:6      | Reached skill level 9 in Ice Magic
  6563 | D:6      | Found Vilojiw's Self-Improvement Boutique.
  6661 | D:6      | Noticed Maggie
  6771 | D:2      | Killed Sigmund
  6818 | D:2      | Killed Terence
  7016 | D:7      | Noticed a hornet
  7024 | D:7      | Killed a hornet
  7166 | D:7      | Found a staircase to the Ecumenical Temple.
  7555 | D:7      | Offered knowledge of Kindle Blastsparks by Vehumet.
  7558 | D:7      | Reached skill level 5 in Stealth
  7558 | D:7      | Reached XP level 9. HP: 64/69 MP: 2/15
  7996 | D:7      | Found a bloodstained altar of Trog.
  8162 | D:7      | Found a runed translucent door.
  8798 | D:7      | Noticed epsilonplus's ghost (novice AtFi)
  9068 | D:8      | Reached *** piety under Vehumet
  9121 | D:8      | Found a basalt altar of Yredelemnul.
  9454 | D:8      | Found a white marble altar of Elyvilon.
  9465 | D:8      | Reached skill level 10 in Ice Magic
  9627 | D:8      | Found a shadowy altar of Dithmenos.
 10084 | D:6      | Killed Maggie
 10085 | D:6      | Reached skill level 5 in Spellcasting
 10404 | D:9      | Found Gaixeadd's Book Shop.
 10571 | D:9      | Found Zemi's Jewellery Shop.
 10658 | D:9      | Reached XP level 10. HP: 48/77 MP: 3/17
 10754 | D:9      | Found an iron altar of Okawaru.
 10930 | D:9      | Reached skill level 5 in Summonings
 10939 | D:9      | Offered knowledge of Flame Wave by Vehumet.
 11040 | D:9      | Noticed a two-headed ogre
 11054 | D:9      | Killed a two-headed ogre
 11055 | D:9      | Reached skill level 5 in Dodging
 11167 | D:9      | Found a staircase to the Lair.
 11464 | D:9      | Reached **** piety under Vehumet
 11541 | D:9      | Noticed a molten gargoyle
 11645 | D:10     | Entered Level 10 of the Dungeon
 11645 | D:10     | Noticed a two-headed ogre
 11656 | D:10     | Killed a two-headed ogre
 11735 | D:10     | Found a runed translucent gate.
 11823 | D:10     | Found a runed translucent gate.
 11825 | D:10     | Found a runed translucent gate.
 11827 | D:10     | Noticed Bediveer's ghost (journeyman DsFi)
 11870 | D:10     | Noticed Josephine
 11882 | D:10     | Killed Josephine
 11883 | D:10     | Reached skill level 5 in Fighting
 11883 | D:10     | Reached XP level 11. HP: 42/86 MP: 10/20
 11890 | D:10     | Reached skill level 1 in Ranged Weapons
 12083 | D:10     | Reached skill level 5 in Evocations
 12272 | D:10     | Offered knowledge of Sticky Flame by Vehumet.
 12291 | D:10     | Noticed a two-headed ogre
 12303 | D:10     | Killed a two-headed ogre
 12311 | D:10     | Noticed Grum
 12325 | D:10     | Killed Grum
 12509 | D:10     | Noticed Maurice
 12941 | D:11     | Noticed a brown ugly thing
 12952 | D:11     | Killed a brown ugly thing
 13036 | D:11     | Noticed a two-headed ogre
 13048 | D:11     | Killed a two-headed ogre
 13049 | D:11     | Reached skill level 5 in Short Blades
 13319 | D:11     | Reached ***** piety under Vehumet
 13319 | D:11     | Offered knowledge of Irradiate by Vehumet.
 13573 | D:11     | Found a staircase to the Orcish Mines.
 13578 | D:11     | Noticed Snorg
 13770 | D:11     | Killed Snorg
 13984 | D:10     | Killed Maurice
 14117 | D:9      | Learned a level 5 spell: Irradiate
 14252 | D:9      | Reached XP level 12. HP: 97/97 MP: 11/23
 15281 | Lair:1   | Entered Level 1 of the Lair of Beasts
 16541 | Lair:2   | Found a staircase to the Swamp.
 16765 | Lair:2   | Noticed Urug
 16783 | Lair:2   | Killed Urug
 17173 | Lair:2   | Found a staircase to the Snake Pit.
 17304 | Lair:2   | Reached skill level 5 in Ranged Weapons
 17392 | Lair:2   | Offered knowledge of Airstrike by Vehumet.
 17405 | Lair:2   | Reached XP level 13. HP: 110/110 MP: 25/25
 17866 | Lair:2   | Reached skill level 11 in Ice Magic
 18772 | Lair:3   | Noticed Sonja
 18786 | Lair:3   | Killed Sonja
 19202 | Lair:3   | Noticed Fannar
 19249 | Lair:3   | Killed Fannar
 20212 | Lair:4   | Reached skill level 10 in Fighting
 20527 | Lair:4   | Found a viscous altar of Jiyva.
 20528 | Lair:4   | Found a staircase to the Slime Pits.
 20539 | Lair:4   | Found a blossoming altar of Fedhas.
 21191 | Lair:5   | Entered Level 5 of the Lair of Beasts
 21234 | Lair:4   | Reached skill level 12 in Ice Magic
 21664 | Lair:5   | Reached XP level 14. HP: 121/121 MP: 25/27
 21756 | Lair:5   | Reached skill level 10 in Dodging
 21762 | Lair:5   | Reached skill level 10 in Spellcasting
 22382 | Lair:5   | Found a large runed translucent door.
 22383 | Lair:5   | Found a large runed translucent door.
 22391 | Lair:5   | Noticed jimonade's ghost (journeyman DjIE)
 22457 | Lair:5   | Reached ****** piety under Vehumet
 22487 | Lair:5   | Reached skill level 10 in Short Blades
 23538 | Orc:1    | Entered Level 1 of the Orcish Mines
 23670 | Orc:2    | Entered Level 2 of the Orcish Mines
 23670 | Orc:2    | Found a transporter.
 23714 | Orc:2    | Offered knowledge of Ozocubu's Refrigeration by Vehumet.
 23800 | Orc:2    | Learned a level 7 spell: Ozocubu's Refrigeration
 24067 | Orc:2    | Noticed boo's ghost (journeyman SpEn)
 24347 | Orc:2    | Found a transporter.
 24757 | Orc:2    | Found a staircase to the Elven Halls.
 24912 | Orc:2    | Found Jadghen's Jewellery Shoppe.
 24912 | Orc:2    | Found Amuw's Distillery.
 24914 | Orc:2    | Found Qeesaof's Antique Armour Shoppe.
 24914 | Orc:2    | Found Netotaimn's Magic Scroll Shop.
 24923 | Orc:2    | Bought a scroll of enchant weapon for 105 gold pieces
 24925 | Orc:2    | Bought a potion of heal wounds for 70 gold pieces
 24925 | Orc:2    | Bought a potion of ambrosia for 112 gold pieces
 25223 | Orc:1    | Reached skill level 1 in Throwing
 25223 | Orc:1    | Reached skill level 1 in Conjurations
 25223 | Orc:1    | Reached skill level 1 in Transmutations
 25246 | Orc:1    | Reached skill level 13 in Ice Magic
 25337 | Orc:1    | Reached XP level 15. HP: 55/126 MP: 28/31
 25870 | Orc:1    | Offered knowledge of Arcjolt by Vehumet.
 26004 | Orc:1    | Found a runed translucent gate.
 26004 | Orc:1    | Found a runed translucent gate.
 26004 | Orc:1    | Found a runed translucent gate.
 26012 | Orc:1    | Noticed Mickster's ghost (novice DgGl)
 26024 | Orc:1    | Killed Mickster's ghost
 26277 | Orc:2    | Identified the +2 cloak of Hedge Wizardry {Fly Regen+ MP+9}
 26684 | Orc:2    | Killed boo's ghost
 26791 | Orc:2    | Bought a potion of curing for 42 gold pieces
 26791 | Orc:2    | Bought a potion of heal wounds for 70 gold pieces
 26791 | Orc:2    | Bought a potion of curing for 42 gold pieces
 26793 | Orc:2    | Bought a scroll of teleportation for 42 gold pieces
 26793 | Orc:2    | Bought a scroll of teleportation for 42 gold pieces
 26821 | Orc:2    | Bought a ring of protection from fire for 325 gold pieces
 26980 | D:9      | Bought the ring of the Stag {Ice rElec rN+ Str+3 Stlth-}
                  | for 625 gold pieces
 27491 | D:10     | Killed Bediveer's ghost
 27693 | D:7      | Killed epsilonplus's ghost
 29545 | D:13     | Reached skill level 5 in Conjurations
 29545 | D:13     | Reached skill level 5 in Transmutations
 30602 | D:14     | Identified the +1 sling of Currency {antimagic, rC++}
 30657 | D:14     | Offered knowledge of Spellforged Servitor by Vehumet.
 30733 | D:14     | Found a gate to the Vaults.
 30918 | D:14     | Reached skill level 14 in Ice Magic
 32193 | D:15     | Entered Level 15 of the Dungeon
 32197 | D:15     | Noticed Kirke
 32202 | D:15     | Killed Kirke
 32315 | D:15     | Noticed Azrael
 32320 | D:15     | Killed Azrael
 32464 | D:15     | Reached XP level 16. HP: 130/134 MP: 27/32
 32973 | D:15     | Found a staircase to the Depths.
 33690 | Swamp:1  | Entered Level 1 of the Swamp
 34721 | Swamp:2  | Offered knowledge of Fireball by Vehumet.
 36477 | Swamp:3  | Noticed a thorn hunter
 36480 | Swamp:3  | Killed a thorn hunter
 36518 | Swamp:3  | Found a frozen archway.
 36695 | Swamp:3  | Learned a level 5 spell: Arcjolt
 36696 | IceCv    | Entered an ice cave
 36800 | IceCv    | Reached skill level 1 in Air Magic
 37518 | IceCv    | Noticed a golden dragon
 38077 | IceCv    | Identified the amulet of Sutigaycw {RegenMP rN+}
 38079 | IceCv    | Identified the amulet of Virtue {RegenMP rElec rN++}
 38365 | Swamp:3  | Reached skill level 1 in Shields
 38528 | Swamp:3  | Offered knowledge of Starburst by Vehumet.
 38791 | Swamp:3  | Found a runed translucent gate.
 38791 | Swamp:3  | Found a runed translucent gate.
 38792 | Swamp:3  | Found a runed translucent gate.
 38798 | Swamp:3  | Noticed Naurph's ghost (adept DjVM)
 38836 | Swamp:3  | Reached skill level 5 in Air Magic
 39064 | Swamp:4  | Entered Level 4 of the Swamp
 39263 | Swamp:4  | Noticed a tentacled monstrosity
 39268 | Swamp:4  | Reached XP level 17. HP: 144/144 MP: 23/33
 39294 | Swamp:4  | Killed a tentacled monstrosity
 39495 | Swamp:4  | Reached skill level 5 in Shields
 40296 | Swamp:4  | Noticed a tentacled monstrosity
 40462 | Swamp:4  | Reached skill level 15 in Ice Magic
 40589 | Swamp:4  | Got a decaying rune of Zot
 40596 | Swamp:4  | Offered knowledge of Shatter by Vehumet.
 40596 | Swamp:4  | Offered knowledge of Ignition by Vehumet.
 40596 | Swamp:4  | Offered knowledge of Maxwell's Capacitive Coupling by
                  | Vehumet.
 41033 | Snake:1  | Entered Level 1 of the Snake Pit
 41259 | Snake:1  | Identified Roxanne's Quarto of Alteration
 41259 | Snake:1  | Noticed Roxanne
 42064 | Snake:2  | Noticed Donald
 42066 | Snake:2  | Killed Donald
 42246 | Snake:2  | Noticed Saint Roka
 42274 | Snake:2  | Killed Saint Roka
 42298 | Snake:2  | Noticed Vashnia
 43021 | Snake:2  | Reached XP level 18. HP: 145/154 MP: 30/35
 43236 | Snake:3  | Found a shimmering altar of Xom.
 43651 | Snake:3  | Identified a scroll of acquirement
 43745 | Snake:3  | Acquired Ruenk's Grimoire of the Dragon and Maleficia
 43754 | Snake:3  | Learned a level 5 spell: Metabolic Englaciation
 44013 | Snake:3  | Found Torghamy's General Store.
 44013 | Snake:3  | Found Vuhamu's Armour Boutique.
 44018 | Snake:3  | Found Ruicres's Antique Armour Shop.
 44027 | Snake:3  | Bought a glowing buckler for 225 gold pieces
 44049 | Snake:3  | Bought a potion of experience for 550 gold pieces
 44049 | Snake:3  | Bought a phial of floods for 440 gold pieces
 44049 | Snake:3  | Bought a scroll of teleportation for 33 gold pieces
 44049 | Snake:3  | Bought a potion of haste for 110 gold pieces
 44049 | Snake:3  | Bought a potion of haste for 110 gold pieces
 44049 | Snake:3  | Bought a potion of curing for 33 gold pieces
 44076 | Snake:3  | Found Basoulaetu's CLEARANCE SALE!.
 44127 | Snake:3  | Reached skill level 1 in Hexes
 44137 | Snake:3  | Reached skill level 16 in Ice Magic
 44392 | Snake:3  | Noticed Mara
 44396 | Snake:3  | Noticed juan097's illusion
 44553 | Snake:4  | Entered Level 4 of the Snake Pit
 45179 | Snake:4  | Reached skill level 10 in Stealth
 45195 | Snake:4  | Reached skill level 10 in Summonings
 45410 | Snake:4  | Reached XP level 19. HP: 165/165 MP: 22/36
 45412 | Snake:4  | Reached skill level 5 in Hexes
 45521 | Snake:4  | Got a serpentine rune of Zot
 45953 | D:1      | Bought the +2 pair of gloves "Rem Huja" {rC- Regen+ rCorr
                  | Str+3} for 343 gold pieces
 46219 | D:14     | Reached XP level 20. HP: 174/174 MP: 37/37
 46222 | Vaults:1 | Entered Level 1 of the Vaults
 46337 | Vaults:1 | Found a flickering gateway to a bazaar.
 46358 | Bazaar   | Entered a bazaar
 46362 | Bazaar   | Found Laxkafui's Jewellery Boutique.
 46384 | Bazaar   | Found Sirixt's Magic Scroll Emporium.
 46405 | Bazaar   | Found Jaicor's General Store.
 46425 | Bazaar   | Found Noumul's Antique Armour Shoppe.
 46467 | Bazaar   | Bought a scroll of teleportation for 48 gold pieces
 46467 | Bazaar   | Bought a scroll of teleportation for 48 gold pieces
 46518 | Vaults:1 | Found a crumbling gateway.
 46524 | Desolati | Entered the Desolation of Salt
 46752 | Desolati | Identified the ring "Peufyexo" {rPois rF+ rC+ rN+ Int+2}
 46844 | Desolati | Got the Guidebook on Phlogiston and Cryomancy
 46845 | Desolati | Identified the ring "Kighoxte" {Drain Fly rElec rC+++
                  | Dex-4}
 46850 | Desolati | Identified the ring of Balance {rElec rPois MP+9 Str-2}
 46858 | Desolati | Identified the ring of Pitob {rC+ EV+5}
 47203 | Desolati | Identified the +0 sling of Demand {drain, rF+}
 47215 | Desolati | Identified the +0 hat of Mefao {rPois MP-9 Dex+3}
 47234 | Desolati | Identified the ring of Sesiomn {Fire rN+++ Str-3 Int+2
                  | Dex+2}
 47345 | Desolati | Identified the ring "Virij" {rPois rF+ Dex+4 Stlth+}
 47348 | Desolati | Identified the +5 scale mail "Urap" {Will++}
 48689 | Vaults:1 | Reached skill level 15 in Fighting
 49154 | Vaults:2 | Learned a level 2 spell: Blink
 49255 | Vaults:2 | Reached skill level 17 in Ice Magic
 49256 | Vaults:2 | Reached skill level 1 in Translocations
 49476 | Vaults:2 | Found Aruositt's Antique Weapon Shop.
 49609 | Vaults:2 | Reached XP level 21. HP: 184/184 MP: 24/38
 49973 | Vaults:2 | Reached skill level 10 in Air Magic
 50252 | Vaults:2 | Reached skill level 10 in Conjurations
 50313 | Vaults:3 | Reached skill level 10 in Transmutations
 50355 | Vaults:3 | Found a magical portal.
 50380 | WizLab   | Entered The Chambers of the Cloud Mage
 50577 | WizLab   | Paralysed by an air elemental for 1 turns
 50580 | WizLab   | Reached skill level 5 in Translocations
 50729 | WizLab   | Paralysed by an air elemental for 1 turns
 50863 | WizLab   | Noticed Verokhoe
 50877 | WizLab   | Killed Verokhoe the Cloud Mage
 50946 | WizLab   | Identified the +8 short sword of Beogh's Hope {elec, *Noise
                  | rElec rPois rF+}
 50967 | WizLab   | Got the Handbook of the Nimbus
 51371 | Vaults:3 | Found a staircase to the Crypt.
 51421 | Vaults:3 | Noticed Frederick
 51466 | Vaults:3 | Killed Frederick
 51926 | Vaults:3 | Reached skill level 18 in Ice Magic
 52464 | Vaults:4 | Identified the +0 leather armour of Eternity {Str+3}
 53435 | Vaults:4 | Reached XP level 22. HP: 190/192 MP: 25/39
 54147 | Elf:1    | Entered Level 1 of the Elven Halls
 54152 | Elf:1    | Noticed Asterion
 54163 | Elf:1    | Killed Asterion
 54261 | Elf:1    | Reached skill level 1 in Long Blades
 54494 | Elf:1    | Reached skill level 10 in Evocations
 54796 | Elf:1    | Found Ciotzum's General Store.
 54804 | Elf:1    | Bought a potion of heal wounds for 85 gold pieces
 55083 | Elf:2    | Paralysed by an air elemental for 1 turns
 55088 | Elf:2    | Paralysed by an air elemental for 1 turns
 55456 | Elf:2    | Found a runed translucent gate.
 55456 | Elf:2    | Found a runed translucent gate.
 55456 | Elf:2    | Found a runed translucent gate.
 56061 | Elf:3    | Entered Level 3 of the Elven Halls
 56354 | Elf:3    | Paralysed by an air elemental for 1 turns
 56424 | Elf:3    | Found Ynug's Antique Armour Shoppe.
 56777 | Elf:3    | Identified the +8 hand axe of a bazaar {vamp, Fly rElec
                  | Stlth+}
 56832 | Elf:3    | Reached skill level 19 in Ice Magic
 56968 | Elf:3    | Identified the +7 battleaxe of Ahih {drain, rN+}
 57060 | Elf:3    | Identified the +1 leather armour "Xuefir" {rF+ Int+4}
 57222 | Elf:3    | Identified a ring of Eceymuir {rPois rF++ Str+5}
 57255 | Elf:3    | Got the Volume of Baleful Poison
 57269 | Elf:3    | Identified the +3 whip "Haem" {drain, rElec rC+ Will+ Str-4
                  | Dex+3}
 57346 | Elf:3    | Learned a level 5 spell: Yara's Violent Unravelling
 57639 | Depths:1 | Entered Level 1 of the Depths
 57814 | Depths:1 | Reached XP level 23. HP: 202/202 MP: 36/40
 57909 | Depths:1 | Found a basalt altar of Yredelemnul.
 57994 | Depths:1 | Reached skill level 20 in Ice Magic
 58291 | Depths:1 | Identified the +4 glaive "Etost" {venom, +Blink}
 58427 | Depths:1 | Found a one-way gate to the infinite horrors of the Abyss.
 58733 | Depths:1 | Found a gateway to Hell.
 59358 | Depths:2 | Found Inoleh's Book Emporium.
 59359 | Depths:2 | Found Peul's Jewellery Shop.
 59359 | Depths:2 | Found Oruuwnol's Jewellery Shop.
 59501 | Depths:2 | Found a one-way gate leading to the halls of Pandemonium.
 59522 | Depths:2 | Reached skill level 1 in Staves
 59527 | Depths:2 | Reached skill level 10 in Hexes
 59674 | Depths:2 | Found a runed translucent door.
 59680 | Depths:2 | Noticed jimonade's ghost (adept MfGl)
 60155 | Depths:2 | Killed jimonade's ghost
 60318 | Depths:3 | Found a one-way gateway to a ziggurat.
 60601 | Depths:3 | Reached skill level 5 in Staves
 60799 | Depths:3 | Noticed Vv
 61050 | Depths:3 | You are sucked into a shaft and drop 1 floor!
 61050 | Depths:4 | Entered Level 4 of the Depths
 61804 | Depths:4 | Reached XP level 24. HP: 210/210 MP: 40/40
 61868 | Depths:4 | Noticed Mennas
 62174 | Vaults:5 | Entered Level 5 of the Vaults
 62660 | Vaults:5 | Gained mutation: You are clumsy. (Dex -2) [mutagenic glow]
 62868 | Vaults:5 | Noticed a dread lich
 62963 | Vaults:4 | Killed a dread lich
 62964 | Vaults:4 | Reached skill level 15 in Conjurations
 63821 | Vaults:5 | Identified the +8 trident of the Middle {flame, rN+ Int-5
                  | Dex+3}
 63988 | Vaults:5 | Got a silver rune of Zot
 64011 | Vaults:5 | Identified the +1 quarterstaff "Ogreslayer" {heavy, Stlth+}
 64626 | Swamp:3  | Killed Naurph's ghost
 64774 | D:9      | Bought a book of Dangerous Friends for 640 gold pieces
 64783 | D:9      | Learned a level 7 spell: Orb of Destruction
 65278 | Depths:3 | Killed Vv
 65550 | Depths:3 | Reached XP level 25. HP: 224/224 MP: 27/40
 65693 | Depths:3 | Identified the +8 morningstar "Jicvuaro" {venom, rC+ Dex+3}
 65991 | Crypt:1  | Entered Level 1 of the Crypt
 66028 | Crypt:1  | Reached skill level 10 in Staves
 66220 | Crypt:1  | Identified the +5 flail of the Gloaming {drain, rN+ rCorr
                  | Str+3 Dex-2}
 67020 | Crypt:1  | Found a runed translucent gate.
 67020 | Crypt:1  | Found a runed translucent gate.
 67020 | Crypt:1  | Found a runed translucent gate.
 67062 | Crypt:1  | Reached skill level 5 in Long Blades
 67151 | Crypt:1  | You are sucked into a shaft and drop 1 floor!
 67684 | Crypt:1  | Learned a level 4 spell: Iskenderun's Mystic Blast
 67976 | Crypt:2  | Noticed Jory
 68013 | Crypt:2  | Killed Jory
 68441 | Crypt:3  | Entered Level 3 of the Crypt
 68689 | Crypt:3  | Identified the +10 rapier "Naqismos" {flame, Int+5}
 69468 | Crypt:3  | Noticed an ancient lich
 69468 | Crypt:3  | Noticed a dread lich
 69755 | Crypt:3  | Found a staircase to the Tomb.
 70018 | Crypt:3  | Noticed a dread lich
 70018 | Crypt:3  | Noticed a dread lich
 70023 | Crypt:3  | Killed an ancient lich
 70026 | Crypt:3  | Killed a dread lich
 70073 | Crypt:3  | Killed a dread lich
 70142 | Crypt:3  | Killed a dread lich
 70171 | Crypt:3  | Got Sirolu's Octavo of Guile
 70978 | Slime:1  | Entered Level 1 of the Pits of Slime
 71190 | Slime:2  | Reached skill level 15 in Dodging
 71279 | Slime:2  | Gained mutation: You sometimes lose your temper in combat.
                  | [a shining eye]
 71683 | Slime:3  | Noticed Dissolution
 71699 | Slime:2  | Killed Dissolution
 71746 | Slime:2  | Gained mutation: You occasionally shout uncontrollably at
                  | your foes. [a shining eye]
 72217 | Slime:5  | Entered Level 5 of the Pits of Slime
 72318 | Slime:5  | Paralysed by a great orb of eyes for 3 turns
 72483 | Slime:5  | Gained mutation: Your body sometimes deteriorates upon
                  | taking damage. [a shining eye]
 72564 | Slime:4  | Reached XP level 26. HP: 236/236 MP: 40/40
 72703 | Slime:5  | Found a viscous altar of Jiyva.
 72703 | Slime:5  | Noticed the Royal Jelly
 72811 | Slime:5  | Killed the Royal Jelly
 72853 | Slime:5  | Found the +9 staff of Olgreb {rPois∞}
 72857 | Slime:5  | Got Feiss's Secrets of Assistive Vicissitude
 72873 | Slime:5  | Got a slimy rune of Zot
 72905 | Slime:5  | Identified the ring "Jurghueno" {rF- rC+ rN+ Dex+4}
 72916 | Slime:5  | Identified the ring "Osexuxzu" {rC+ Str+6}
 72962 | Slime:5  | Identified the ring of Axeok {rN+ Str+2 Int+6}
 72966 | Slime:5  | Identified the +0 robe "Jexy" {Int-3 Dex+3 Slay+6}
 73114 | Slime:5  | Learned a level 9 spell: Polar Vortex
 73141 | Slime:5  | Lost mutation: Your body sometimes deteriorates upon taking
                  | damage. [potion of mutation]
 73141 | Slime:5  | Lost mutation: You occasionally shout uncontrollably at
                  | your foes. [potion of mutation]
 73141 | Slime:5  | Gained mutation: You are robust. (+10% HP) [potion of
                  | mutation]
 73732 | Depths:4 | Killed Mennas
 73887 | Depths:4 | Found Redan's Antique Armour Emporium.
 73890 | Depths:4 | Bought a distressingly furry cloak for 332 gold pieces
 73890 | Depths:4 | Identified the +0 cloak "Acityirgh" {Harm Dex+4 Stlth-}
                  | (You bought it in a shop on level 4 of the Depths)
 73895 | Depths:4 | Bought an embroidered cloak for 262 gold pieces
 74386 | Depths:4 | Found a gate to the Realm of Zot.
 74562 | Zot:1    | Entered Level 1 of the Realm of Zot
 74643 | Zot:1    | Noticed an orb of fire
 74646 | Zot:1    | Gained mutation: You occasionally lose the ability to drink
                  | potions when taking damage. [an orb of fire]
 74654 | Zot:1    | Killed an orb of fire
 74732 | Zot:1    | Identified the +5 long sword "Irexku Jedi" {drain, rN+
                  | Str+6}
 75380 | Zot:1    | Reached skill level 21 in Ice Magic
 75722 | Zot:1    | Lost mutation: You sometimes lose your temper in combat.
                  | [potion of mutation]
 75722 | Zot:1    | Lost mutation: You occasionally lose the ability to drink
                  | potions when taking damage. [potion of mutation]
 75722 | Zot:1    | Gained mutation: You possess an exceptional clarity of
                  | mind. [potion of mutation]
 75722 | Zot:1    | Gained mutation: You occasionally lose the ability to drink
                  | potions when taking damage. [potion of mutation]
 75980 | Zot:2    | Reached skill level 10 in Long Blades
 76437 | Zot:2    | Identified the +4 whip of the Enchanted Forest {elec, rElec
                  | rN+ rCorr}
 76616 | Zot:2    | Identified the +3 great mace "Doareaf" {vamp, rPois rC+
                  | Dex+3}
 76785 | Zot:2    | Identified the +4 chain mail of the Salamander {*Slow rElec
                  | Int-2 Stlth+}
 78220 | Zot:4    | Reached skill level 22 in Ice Magic
 78386 | Zot:3    | Reached XP level 27. HP: 275/275 MP: 13/41
 78832 | Zot:4    | Found a runed translucent gate.
 78832 | Zot:4    | Found a runed translucent gate.
 78832 | Zot:4    | Noticed Bucoetae's ghost (veteran OgBe)
 79018 | Zot:4    | Found a runed translucent gate.
 79018 | Zot:4    | Noticed Pet Giop's ghost (veteran OgBe)
 79044 | Zot:5    | Entered Level 5 of the Realm of Zot
 79607 | Zot:5    | Reached skill level 23 in Ice Magic
 79799 | Zot:5    | Noticed an orb of fire
 79812 | Zot:5    | Gained mutation: You are weak. (Str -2) [an orb of fire]
 79815 | Zot:5    | Killed an orb of fire
 79880 | Zot:5    | Noticed a dread lich
 79882 | Zot:5    | Noticed an ancient lich
 79882 | Zot:5    | Noticed a dread lich
 79883 | Zot:5    | Noticed an orb of fire
 79885 | Zot:5    | Gained mutation: You do not regenerate when monsters are
                  | visible. [an orb of fire]
 79888 | Zot:5    | Gained mutation: You have hidden genetic defects. [an orb
                  | of fire]
 79893 | Zot:5    | Gained mutation: You sometimes lose the ability to drink
                  | potions when taking damage. [an orb of fire]
 79900 | Zot:5    | Gained mutation: Your body sometimes deteriorates upon
                  | taking damage. [an orb of fire]
 79901 | Zot:5    | Killed an orb of fire
 79907 | Zot:5    | Killed an ancient lich
 79913 | Zot:5    | Killed a dread lich
 79914 | Zot:5    | Reached skill level 15 in Spellcasting
 79923 | Zot:5    | Noticed an ancient lich
 79929 | Zot:5    | Noticed an orb of fire
 80169 | Zot:5    | Killed an orb of fire
 80170 | Zot:5    | Reached skill level 24 in Ice Magic
 80175 | Zot:5    | Noticed an orb of fire
 80182 | Zot:5    | Killed a dread lich
 80185 | Zot:5    | Noticed an ancient lich
 80186 | Zot:5    | Killed an ancient lich
 80193 | Zot:5    | Gained mutation: You are very clumsy. (Dex -4) [an orb of
                  | fire]
 80194 | Zot:5    | Killed an orb of fire
 80199 | Zot:5    | Gained mutation: Your body often deteriorates upon taking
                  | damage. [hidden defects]
 80211 | Zot:5    | Killed an ancient lich
 80499 | Zot:5    | Noticed a dread lich
 80525 | Zot:5    | Killed a dread lich
 80526 | Zot:5    | Reached skill level 25 in Ice Magic
 80645 | Zot:2    | Lost mutation: You do not regenerate when monsters are
                  | visible. [potion of mutation]
 80645 | Zot:2    | Lost mutation: You possess an exceptional clarity of mind.
                  | [potion of mutation]
 80645 | Zot:2    | Lost mutation: You have hidden genetic defects. [potion of
                  | mutation]
 80645 | Zot:2    | Gained mutation: Your flesh is heat resistant. (rF+)
                  | [potion of mutation]
 80877 | D:13     | Lost mutation: You sometimes lose the ability to drink
                  | potions when taking damage. [potion of mutation]
 80877 | D:13     | Lost mutation: Your body often deteriorates upon taking
                  | damage. [potion of mutation]
 80877 | D:13     | Gained mutation: Your system is resistant to poisons.
                  | (rPois) [potion of mutation]
 80877 | D:13     | Lost mutation: You are very clumsy. (Dex -4) [potion of
                  | mutation]
 80926 | D:12     | Lost mutation: Your system is resistant to poisons. (rPois)
                  | [potion of mutation]
 80926 | D:12     | Lost mutation: You are robust. (+10% HP) [potion of
                  | mutation]
 80926 | D:12     | Lost mutation: Your flesh is heat resistant. (rF+) [potion
                  | of mutation]
 80926 | D:12     | Gained mutation: Your spells are a little harder to cast,
                  | but a little more powerful. [potion of mutation]
 80926 | D:12     | Gained mutation: You expend magic power (3 MP) to
                  | strengthen your wands. [potion of mutation]
 81239 | Zot:5    | Noticed an orb of fire
 81246 | Zot:5    | Killed an orb of fire
 81315 | Zot:5    | Noticed a dread lich
 81334 | Zot:5    | Killed a dread lich
 81334 | Zot:5    | Noticed an ancient lich
 81379 | Zot:5    | Killed an ancient lich
 81492 | Zot:5    | Noticed an ancient lich
 81500 | Zot:5    | Noticed a dread lich
 81502 | Zot:5    | Killed an ancient lich
 81508 | Zot:5    | Paralysed by a dread lich for 5 turns
 81522 | Zot:5    | Killed a dread lich
 81915 | Zot:4    | Killed Bucoetae's ghost
 81916 | Zot:4    | Killed Pet Giop's ghost
 81917 | Zot:4    | Reached skill level 26 in Ice Magic
 82265 | D:10     | Lost mutation: Your body sometimes deteriorates upon taking
                  | damage. [potion of mutation]
 82265 | D:10     | Lost mutation: You are clumsy. (Dex -2) [potion of
                  | mutation]
 82265 | D:10     | Lost mutation: You are weak. (Str -2) [potion of mutation]
 82265 | D:10     | Gained mutation: You occasionally lose the ability to read
                  | scrolls when taking damage. [potion of mutation]
 82265 | D:10     | Gained mutation: You passively dampen the noise of your
                  | surroundings. [potion of mutation]
 82266 | D:10     | Lost mutation: You occasionally lose the ability to drink
                  | potions when taking damage. [potion of mutation]
 82266 | D:10     | Lost mutation: Your spells are a little harder to cast, but
                  | a little more powerful. [potion of mutation]
 82266 | D:10     | Gained mutation: You occasionally shout uncontrollably at
                  | your foes. [potion of mutation]
 82266 | D:10     | Gained mutation: You are dopey. (Int -2) [potion of
                  | mutation]
 82266 | D:10     | Gained mutation: You are strong-willed. (Will+) [potion of
                  | mutation]
 82266 | D:10     | Gained mutation: Your spells are a little harder to cast,
                  | but a little more powerful. [potion of mutation]
 82494 | Depths:1 | Voluntarily entered the Abyss.
 82505 | Abyss:2  | Found a corrupted altar of Lugonu.
 82505 | Abyss:2  | Found a corrupted altar of Lugonu.
 82558 | Abyss:2  | Found a sacrificial altar of Ru.
 82570 | Abyss:2  | Found a sacrificial altar of Ru.
 82570 | Abyss:2  | Found a sacrificial altar of Ru.
 82740 | Abyss:4  | Found a corrupted altar of Lugonu.
 82770 | Abyss:4  | Got an abyssal rune of Zot
 82883 | Depths:1 | Escaped the Abyss
 82976 | Zig:1    | Entered Level 1 of a ziggurat
 83012 | Zig:2    | Entered Level 2 of a ziggurat
 83039 | Zig:3    | Entered Level 3 of a ziggurat
 83061 | Zig:3    | Identified the ring "Pinox" {rF+ Str+6 Stlth+}
 83068 | Zig:4    | Entered Level 4 of a ziggurat
 83074 | Zig:4    | Noticed Duavaote the pandemonium lord
 83081 | Zig:4    | Killed Duavaote the pandemonium lord
 83096 | Zig:5    | Entered Level 5 of a ziggurat
 83150 | Zig:6    | Entered Level 6 of a ziggurat
 83181 | Zig:6    | Identified the +6 great sword "Qoisygup" {speed, Dex+3}
 83202 | Zig:7    | Entered Level 7 of a ziggurat
 83225 | Zig:7    | Identified the +3 trident "Eniuvoo" {heavy, *Corrode rElec
                  | rPois rN+}
 83248 | Zig:8    | Entered Level 8 of a ziggurat
 83252 | Zig:8    | Noticed Rapiudghe the pandemonium lord
 83253 | Zig:8    | Noticed Fogiysake the pandemonium lord
 83259 | Zig:8    | Killed Rapiudghe the pandemonium lord
 83259 | Zig:8    | Killed Fogiysake the pandemonium lord
 83314 | Zig:9    | Entered Level 9 of a ziggurat
 83320 | Zig:9    | Noticed an ancient lich
 83320 | Zig:9    | Noticed a dread lich
 83321 | Zig:9    | Noticed a dread lich
 83332 | Zig:9    | Killed an ancient lich
 83342 | Zig:9    | Killed a dread lich
 83349 | Zig:9    | Killed a dread lich
 83388 | Zig:9    | Got the Guide on Summoned Bolts
 83422 | Zig:9    | Got Sif Muna's Octavo of Feathery Cold
 83427 | Zig:10   | Entered Level 10 of a ziggurat
 83439 | Zig:10   | Gained mutation: Your flesh is heat resistant. (rF+) [a
                  | shining eye]
 83441 | Zig:10   | Reached skill level 10 in Translocations
 83502 | Zig:10   | Got Sif Muna's Guide on the Door and Assaults
 83508 | Zig:10   | Identified the ring of Free Will {rN+ EV+5 Int-2 Dex+4}
 83545 | Zig:11   | Entered Level 11 of a ziggurat
 83550 | Zig:11   | Noticed a dread lich
 83553 | Zig:11   | Noticed an ancient lich
 83555 | Zig:11   | Found the +3 giant club "Skullcrusher" {speed, Str+7}
 83560 | Zig:11   | Killed a dread lich
 83563 | Zig:11   | Killed an ancient lich
 83600 | Zig:11   | Identified the +5 flail "Bionaror" {spect, rElec}
 83635 | Zig:12   | Entered Level 12 of a ziggurat
 83647 | Zig:12   | Noticed a dread lich
 83658 | Zig:12   | Killed a dread lich
 83675 | Zig:12   | Found the amulet of Vitality {RegenMP++ Regen++}
 83736 | Zig:12   | Identified the +2 sling "Voxuown" {antimagic, rN++}
 83738 | Zig:12   | Got the Teachings on Imprecation
 83740 | Zig:12   | Got the Secrets of Smouldering Terra Firma
 83742 | Zig:12   | Identified the ring "Ximpaw" {rPois rC+++ rCorr Str+6
                  | Int-5}
 83745 | Zig:12   | Got the Anthology of Ice
 83795 | Zig:13   | Entered Level 13 of a ziggurat
 83806 | Zig:13   | Noticed Pevaagiz the pandemonium lord
 83806 | Zig:13   | Noticed Zudil the pandemonium lord
 83809 | Zig:13   | Found the +4 moon troll leather armour {Spirit, Regen++
                  | MP+5}
 83812 | Zig:13   | Killed Zudil the pandemonium lord
 83815 | Zig:13   | Killed Pevaagiz the pandemonium lord
 83840 | Zig:13   | Identified the amulet of Yendor {Reflect -Tele rPois rCorr
                  | Dex+3 SH+5}
 83842 | Zig:13   | Identified the amulet "Edas" {Acrobat Fragile rElec Str+2
                  | Dex+4}
 83855 | Zig:13   | Identified the +11 dagger of the Blushing Gods {antimagic,
                  | rElec Str+4}
 83905 | Zig:14   | Entered Level 14 of a ziggurat
 84071 | Zig:14   | Got Ruside's Monograph on the Rocky Congregation
 84079 | Zig:14   | Identified the ring "Nyemiy" {Str+6 Int+3}
 84090 | Zig:14   | Identified the +2 ring mail "Veidyc" {Harm Dex+8 Stlth-}
 84130 | Zig:15   | Entered Level 15 of a ziggurat
 84141 | Zig:15   | Noticed Teobatua the pandemonium lord
 84149 | Zig:15   | Killed Teobatua the pandemonium lord
 84156 | Zig:15   | Found the +7 great mace "Firestarter" {flame, inner flame,
                  | rFlCloud rF++}
 84258 | Zig:15   | Identified the +8 spear "Beastbane" {flame, rC+ rN+ rCorr
                  | Int+4}
 84264 | Zig:15   | Identified the +0 helmet of the Fletcher {Str-2 Int+4}
 84267 | Zig:15   | Identified the ring of Saihaxas {Fly rElec rN+ Will+ Dex+3}
 84311 | Zig:16   | Entered Level 16 of a ziggurat
 84373 | Zig:16   | Found the +8 orange crystal plate armour {Archmagi, Int+3
                  | Clar}
 84405 | Zig:16   | Identified the amulet "Zaavadics" {Reflect SH+5 SInv}
 84409 | Zig:16   | Got Wadgho's Parchment of Molten Outbursts
 84450 | Zig:16   | Identified the +0 chain mail "Femnek" {rF+}
 84489 | Zig:17   | Entered Level 17 of a ziggurat
 84569 | Zig:17   | Identified the +10 war axe of the Thing {freeze, Str+5
                  | Int+3}
 84570 | Zig:17   | Identified the +5 long sword "Unoronal" {heavy, rElec
                  | Int+4}
 84571 | Zig:17   | Identified the +1 battleaxe of Past Mistakes {drain, rC+
                  | Will+ Dex-3}
 84576 | Zig:17   | Got the Folio of Nightshade
 84646 | Zig:18   | Entered Level 18 of a ziggurat
 84667 | Zig:18   | Noticed a dread lich
 84678 | Zig:18   | Killed a dread lich
 84687 | Zig:18   | Noticed an ancient lich
 84689 | Zig:18   | Noticed a dread lich
 84689 | Zig:18   | Noticed a dread lich
 84690 | Zig:18   | Noticed an ancient lich
 84698 | Zig:18   | Killed a dread lich
 84699 | Zig:18   | Reached skill level 15 in Evocations
 84699 | Zig:18   | Killed an ancient lich
 84700 | Zig:18   | Killed a dread lich
 84701 | Zig:18   | Killed an ancient lich
 84850 | Zig:18   | Got Hermetics, and How To Use It
 84949 | Zig:18   | Got the Handbook of Warped Obstruction
 84956 | Zig:19   | Entered Level 19 of a ziggurat
 85267 | Zig:19   | Identified the +2 mace "Afas" {elec, *Noise rC+ Str+6}
 85269 | Zig:19   | Identified the +2 leather armour of the Lotus Blossom
                  | {rPois rF+++ rC- Dex-2}
 85271 | Zig:19   | Identified the +4 halberd "Pyor" {flame, Fly Int+2 Dex+5
                  | Stlth+}
 85277 | Zig:19   | Identified the ring "Wutul" {rF+ rC++ rN+ rCorr}
 85317 | Zig:19   | Identified the +7 executioner's axe of Daiwijy {antimagic,
                  | rCorr SInv}
 85388 | Zig:20   | Entered Level 20 of a ziggurat
 85615 | Zig:21   | Entered Level 21 of a ziggurat
 85622 | Zig:21   | Noticed a juggernaut
 85632 | Zig:21   | Noticed a juggernaut
 85632 | Zig:21   | Killed a juggernaut
 85635 | Zig:21   | Noticed a juggernaut
 85636 | Zig:21   | Noticed a juggernaut
 85638 | Zig:21   | Noticed a juggernaut
 85640 | Zig:21   | Killed a juggernaut
 85640 | Zig:21   | Noticed a juggernaut
 85642 | Zig:21   | Noticed a juggernaut
 85643 | Zig:21   | Killed a juggernaut
 85643 | Zig:21   | Killed a juggernaut
 85646 | Zig:21   | Killed a juggernaut
 85648 | Zig:21   | Killed a juggernaut
 85660 | Zig:21   | Killed a juggernaut
 85685 | Zig:21   | Noticed a juggernaut
 85700 | Zig:21   | Killed a juggernaut
 85826 | Zig:21   | Identified the ring "Ihyange" {Wiz rElec rN+}
 85828 | Zig:21   | Identified the +8 scimitar of Blood-Lust {freeze, rCorr}
 85840 | Zig:21   | Identified the +8 scale mail of Lilacs {rC+ Regen+ Str+3}
 85842 | Zig:21   | Got the Volume of Grounded Snow
 85844 | Zig:21   | Identified the ring "Zurchine" {rF+ rC++ Str-3 Int+6 SInv}
 85921 | Zig:22   | Entered Level 22 of a ziggurat
 85983 | Zig:22   | Noticed Jiuvocw the pandemonium lord
 85983 | Zig:22   | Noticed Gasesoryob the pandemonium lord
 85985 | Zig:22   | Noticed Morur the pandemonium lord
 85985 | Zig:22   | Noticed Plog the pandemonium lord
 85988 | Zig:22   | Killed Jiuvocw the pandemonium lord
 85988 | Zig:22   | Noticed Dumaqi the pandemonium lord
 85990 | Zig:22   | Killed Morur the pandemonium lord
 85995 | Zig:22   | Killed Plog the pandemonium lord
 85998 | Zig:22   | Killed Gasesoryob the pandemonium lord
 86000 | Zig:22   | Killed Dumaqi the pandemonium lord
 86095 | Zig:22   | Noticed Rivont the pandemonium lord
 86098 | Zig:22   | Noticed Paowycra the pandemonium lord
 86113 | Zig:22   | Killed Rivont the pandemonium lord
 86118 | Zig:22   | Killed Paowycra the pandemonium lord
 86176 | Zig:22   | Found the amulet of the Four Winds {rN+ Will+++ Clar}
 86184 | Zig:22   | Identified the ring "Ziplak" {rF+ Will+ SInv}
 86197 | Zig:22   | Identified the +4 battleaxe of Gityth {drain, +Blink Str-5
                  | Dex+4}
 86206 | Zig:22   | Identified the ring "Kitu" {rPois rF+ rC+ Str-3 Dex+4}
 86215 | Zig:22   | Identified the +6 double sword "Udiebet" {drain, *Rage
                  | rPois rC+ Str+4}
 86261 | Zig:23   | Entered Level 23 of a ziggurat
 86429 | Zig:23   | Learned a level 5 spell: Lee's Rapid Deconstruction
 86563 | Zig:23   | Identified the +9 scale mail of Death's Door {Contam rPois
                  | rC+}
 86579 | Zig:23   | Identified the +6 plate armour "Vonagar" {Harm *Corrode
                  | +Inv Stlth+}
 86615 | Zig:24   | Entered Level 24 of a ziggurat
 86665 | Zig:24   | Reached skill level 5 in Earth Magic
 86695 | Zig:24   | Reached skill level 27 in Ice Magic
 86745 | Zig:24   | Gained mutation: You are clumsy. (Dex -2) [a neqoxec]
 87066 | Zig:24   | Gained mutation: Potions are less effective at restoring
                  | your health. [a cacodemon]
 87067 | Zig:24   | Gained mutation: You are frail. (-10% HP) [a cacodemon]
 87071 | Zig:24   | Reached skill level 10 in Earth Magic
 87077 | Zig:24   | Lost mutation: Your spells are a little harder to cast, but
                  | a little more powerful. [potion of mutation]
 87077 | Zig:24   | Lost mutation: You occasionally shout uncontrollably at
                  | your foes. [potion of mutation]
 87077 | Zig:24   | Lost mutation: You passively dampen the noise of your
                  | surroundings. [potion of mutation]
 87077 | Zig:24   | Gained mutation: You occasionally shout uncontrollably at
                  | your foes. [potion of mutation]
 87077 | Zig:24   | Gained mutation: You possess an exceptional clarity of
                  | mind. [potion of mutation]
 87078 | Zig:24   | Lost mutation: You possess an exceptional clarity of mind.
                  | [potion of mutation]
 87078 | Zig:24   | Lost mutation: You are strong-willed. (Will+) [potion of
                  | mutation]
 87078 | Zig:24   | Lost mutation: You occasionally shout uncontrollably at
                  | your foes. [potion of mutation]
 87078 | Zig:24   | Gained mutation: You have a pair of small horns on your
                  | head. [potion of mutation]
 87079 | Zig:24   | Lost mutation: Your flesh is heat resistant. (rF+) [potion
                  | of mutation]
 87079 | Zig:24   | Lost mutation: You expend magic power (3 MP) to strengthen
                  | your wands. [potion of mutation]
 87079 | Zig:24   | Lost mutation: You occasionally lose the ability to read
                  | scrolls when taking damage. [potion of mutation]
 87079 | Zig:24   | Lost mutation: You are dopey. (Int -2) [potion of mutation]
 87079 | Zig:24   | Gained mutation: You sometimes lose your temper in combat.
                  | [potion of mutation]
 87130 | Zig:24   | Identified a ring "Gerarein" {*Slow rPois rC++ MP+9 Int+2}
 87153 | Zig:24   | Identified the +6 great sword of Linearity {heavy, rC+
                  | Str+4}
 87166 | Zig:24   | Identified the +8 spear of Grandeur {pain, Drain rElec
                  | Str+6 SInv}
 87218 | Zig:25   | Entered Level 25 of a ziggurat
 87262 | Zig:25   | HP: 10/242 [acid (4)]
 87274 | Zig:25   | HP: 6/242 [iron golem (32)]
 87276 | Zig:25   | Killed from afar by a quicksilver elemental

Illustrated notes

Levels and vault maps discovered:
D:1:      dpeg_arrival_prison, layout_basic, serial_shops,
          nicolae_shop_advertising_works [nicolae_subvault_shop_adworks]
D:2:      layout_basic, uniq_sigmund, uniq_terence
D:3:      layout_basic, mainiacjoe_overflow_boulevard, general_overflow_altar,
          nicolae_wormholes, uniq_jessica
D:4:      layout_basic, nicolae_qazlal_scattered_showers,
          lemuel_coloured_pillars_altar, gammafunk_temple_overflow_elements,
          portal_sewer_entry_a, uniq_ijyb
D:5:      layout_loops_ring, nicolae_overflow_two_pavilions,
          minmay_tree_intersection
D:6:      layout_basic, minmay_strange_pillars, minmay_misc_feat_ornament,
          nicolae_shop_self_help, uniq_maggie
D:7:      layout_loops_ring, trog_book, minmay_temple_entry_nine_rooms,
          ebering_ghost_reflecting_pool, hangedman_decor_opposing
D:8:      layout_cave_pools, nicolae_elyvilon_temple_path,
          mainiacjoe_overflow_surrounded_room, lemuel_tele_altar,
          chequers_serial_rivers_marsh, supply_closet_lemuel, minmay_hedge_maze
D:9:      layout_basic, nicolae_overflow_hidden_temple,
          grunt_lair_entry_orc_guard_hut, serial_shops,
          nicolae_shop_statue_plus, kennysheep_little_box, minivault_8
D:10:     layout_layer_cave, gammafunk_ghost_spectres, minmay_rotating_lava,
          uniq_maurice, uniq_josephine, uniq_grum
D:11:     layout_rooms, orc_0_dummy, kennysheep_flooded_box,
          dreamdust_princess_bridge, bh_walls_and_bars, uniq_snorg
D:12:     layout_stronghold, minmay_holes
D:13:     layout_stronghold, minmay_quadrilaterals
D:14:     layout_basic, grunt_vaults_entry_tiered, minmay_misc_feat_columns
D:15:     gammafunk_depths_entry_grave, layout_cave_pods, uniq_kirke,
          uniq_azrael
Lair:1:   layout_regular_city, serial_forest, infiniplex_forest_end_2,
          infiniplex_forest_end_2, infiniplex_forest_end_3,
          infiniplex_forest_corner_1, infiniplex_forest_lined_2,
          infiniplex_forest_clump_large, infiniplex_forest_clump_diagonal,
          grunt_megastairs_2
Lair:2:   lemuel_reptile_caves, layout_big_grid, swamp_mist_pool,
          minmay_snake_entry_six_corridors, lemuel_fruit_fields, uniq_urug
Lair:3:   layout_cave_pods, uniq_fannar, uniq_sonja
Lair:4:   layout_cave_pods, slime_entry_1, tgw_fedhas
Lair:5:   minmay_lair_end_frog_pond, layout_concentric_octagons,
          ebering_ghost_disaster_area, grunt_megastairs_3, serial_bayou_shore_b
Swamp:1:  layout_falls_marsh, nicolae_swamp_little_swirl, swamp_pool3
Swamp:2:  layout_basic_swamp, evilmike_swamp_ruin_house_1, swamp_pool2,
          nicolae_swamp_big_swirl
Swamp:3:  layout_falls_marsh, portal_ice_cave_entry_pillars_four,
          gammafunk_ghost_necromancy, evilmike_swamp_ruin_wall
Swamp:4:  nzn_swamp_witches_coven, layout_basic_swamp,
          infiniplex_staircase_pool_2
Snake:1:  layout_honeycomb, nicolae_snake_bzzzt, uniq_roxanne
Snake:2:  layout_misc_corridors, nicolae_snake_serpentine_hallways,
          uniq_saint_roka, uniq_vashnia, uniq_donald
Snake:3:  nicolae_snake_hallway, layout_chambers, basic_altar,
          grunt_ministairs_11, nicolae_shop_clearance, minmay_shop_star,
          uniq_mara
Snake:4:  grunt_snake_rune_serpentine_throne, layout_onion_interference
Slime:1:  layout_caves
Slime:2:  layout_caves
Slime:3:  layout_caves, dissolution_awaits
Slime:4:  layout_caves
Slime:5
Orc:1:    layout_caves, basic_altar, ebering_ghost_rock_garden,
          elves_outpost_lemuel
Orc:2:    grunt_orc_tribal_feast, layout_diamond_mine,
          gammafunk_ghost_berserking_beasts, david_defended_altar_orc
Elf:1:    eino_elf_arrival_the_gate, layout_rooms, serial_shops, shop,
          hangedman_elven_crosses_minicolossus, uniq_asterion
Elf:2:    elven_hall_of_blades_hangedman_original [nooodl_blade_entry_preview],
          layout_gridlike
Elf:3:    minmay_elf_hall_statues, layout_geoelf_diagonals, serial_shops, shop
Vaults:1: portal_desolation_entry_nicolae_slug, vaults_room_guarded_vault,
          hangedman_vaults_hat, ontoclasm_vaults_idyll, dpeg_vaults_monster_row,
          v_misc_27, nicolae_vaults_sealed_display, layout_vaults_chaotic_city,
          serial_shops, bzr_entry_islet
Vaults:2: vaults_dpeg_diagonal, hangedman_vaults_river_flow,
          hangedman_vaults_stagger, vaults_standard_mumra_enter_the_diamond,
          nicolae_vaults_circle_grid_a, grunt_vaults_trifunnel,
          ontoclasm_vaults_ring_square, nicolae_vaults_network_quinsquares
          [nicolae_vaults_network_quincunx_subvault,
          nicolae_vaults_network_quincunx_subvault,
          nicolae_vaults_network_quincunx_subvault,
          nicolae_vaults_network_quincunx_subvault],
          ontoclasm_vaults_decontamination, nicolae_vaults_specimen_jars,
          v_misc_17, layout_vaults_maze, serial_shops,
          nicolae_shop_hallway_stairs
Vaults:3: lightli_enter_wizlab_magi_temple, hangedman_vaults_stretched_pinwheel,
          v_pattern_2, ontoclasm_vaults_twist, layout_vaults_omnigrid,
          uniq_frederick
Vaults:4: nicolae_vaults_inception_network, nicolae_vaults_asterisk, v_misc_2,
          grunt_vaults_funnel, hangedman_vaults_snaps, nicolae_vaults_alarming,
          nicolae_vaults_little_squares_6, nicolae_vaults_ring_of_whatevers,
          nicolae_vaults_yaktaur_gun_rack, layout_vaults_omnicross
Vaults:5: uniq_margery
Crypt:1:  layout_rooms, st_stairs_8, pandoras_box_mu, grunt_crypt_arrival_split
Crypt:2:  layout_regular_city, uniq_jory
Crypt:3:  david_glass_crypt, layout_basic, tomb_entry_shell_bobbens,
          serial_corexii_hall, corexii_hall_statues_l, corexii_hall_statues_i,
          minivault_27
Depths:1: layout_gridlike, grunt_hell_horde, abyss_entry, hex_tiny,
          st_stairs_11, yredelemnul_altar_generic
Depths:2: kennysheep_room_grid, layout_long_grid, grunt_decor_mini_mirrors,
          grunt_hell_entry_dis_grunt, pan_entry, ebering_ghost_inner_flame,
          serial_bayou_shore_b, minmay_shop_grove
Depths:3: wad_statue_garden, layout_basic, enter_ziggurat_a, hex_intersection,
          abyss_entry, hellmouth_1, infiniplex_staircase_door_maze, uniq_vv
Depths:4: grunt_zot_entry_gee_three, layout_cave_pools, serial_column_ruins,
          column_ruins_square_large, column_ruins_open_small_water,
          column_ruins_grid_3, column_ruins_corridor_T, column_ruins_open_tiny,
          column_ruins_grid_1, hell_entry, serial_shops,
          nicolae_shop_behind_doors, abyss_entry, uniq_mennas
Zot:1:    layout_onion, grunt_megastairs_4
Zot:2:    layout_gridlike, st_large_dragon_hoard_4
Zot:3:    layout_onion
Zot:4:    layout_gridville, gammafunk_ghost_cemetery
Zot:5:    layout_cathedral_of_symmetry, grunt_ministairs_1
Zig:25

Skill      XL: |  1  2  3  4  5  6  7  8  9 10 11 12 13 14 15 16 17 18 19 20 21 22 23 24 25 26 27 |
---------------+----------------------------------------------------------------------------------+-----
Stealth        | 2 3 4 5 6 7 8 10 | 10.0
Ice Magic      | 5 6 8 9 10 12 13 14 15 16 17 18 19 20 22 27 | 27.0
Spellcasting   | 3 4 5 6 7 8 9 12 13 14 20 | 20.1
Fighting       | 1 3 4 5 6 8 10 11 13 14 15 16 18 19 21 26 | 26.1
Dodging        | 2 3 4 6 7 8 9 10 11 12 14 15 16 22 | 22.0
Summonings     | 2 4 6 7 8 10 | 10.0
Short Blades   | 1 2 4 5 6 8 10 11 | 11.5
Evocations     | 1 2 4 6 8 10 12 20 | 20.0
Ranged Weapons | 3 5 6 |  6.0
Throwing       | 1 4 |  4.0
Conjurations   | 2 6 7 8 9 12 15 16 | 16.2
Transmutations | 2 6 7 8 9 10 12 | 12.0
Air Magic      | 5 8 9 10 | 10.0
Shields        | 4 6 8 |  8.0
Hexes          | 4 6 11 12 | 12.0
Translocations | 2 6 10 | 10.0
Long Blades    | 4 8 10 14 | 14.0
Staves         | 6 9 12 | 12.0
Earth Magic    | 10 | 10.0

Action                     |  1- 3 |  4- 6 |  7- 9 | 10-12 | 13-15 | 16-18 | 19-21 | 22-24 | 25-27 || total
---------------------------+-------+-------+-------+-------+-------+-------+-------+-------+-------++-------
  Melee: Dagger            |     8 |     2 |    58 |   295 |   749 |   275 |    63 |       |       ||  1450
         Club              |       |    50 |    71 |       |       |       |       |       |       ||   121
         Tailslap          |       |     5 |    19 |    51 |   167 |    71 |    36 |    65 |   139 ||   553
         Punch             |       |       |     1 |     3 |    18 |     2 |       |       |       ||    24
         Short sword       |       |       |       |       |       |       |    58 |   270 |    25 ||   353
         Staff             |       |       |       |       |       |       |       |    16 |   362 ||   378
         Scimitar          |       |       |       |       |       |       |       |       |   192 ||   192
   Fire: Sling             |    43 |   200 |    12 |       |       |    48 |    10 |       |       ||   313
         Shortbow          |       |       |   119 |   275 |   495 |    76 |       |       |       ||   965
  Throw: Dart              |       |       |     1 |     1 |     8 |     2 |     7 |     1 |       ||    20
         Throwing net      |       |       |       |       |     1 |       |       |     2 |       ||     3
   Cast: Freeze            |    34 |    11 |     3 |       |     9 |       |     2 |       |       ||    59
         Frozen Ramparts   |     2 |    27 |    53 |    79 |   161 |    12 |       |       |       ||   334
         Ozocubu's Armour  |       |       |    14 |    36 |    43 |    20 |     5 |    21 |    31 ||   170
         Summon Ice Beast  |       |       |    19 |    35 |    50 |     8 |       |     1 |       ||   113
         Ozocubu's Refrige |       |       |       |       |   102 |   474 |   300 |   479 |   422 ||  1777
         Irradiate         |       |       |       |       |     4 |    53 |    60 |   103 |    97 ||   317
         Arcjolt           |       |       |       |       |       |    32 |    66 |    66 |   102 ||   266
         Blink             |       |       |       |       |       |       |       |     4 |    22 ||    26
         Orb of Destructio |       |       |       |       |       |       |       |    11 |   384 ||   395
         Yara's Violent Un |       |       |       |       |       |       |       |       |    52 ||    52
         Iskenderun's Myst |       |       |       |       |       |       |       |       |    26 ||    26
         Polar Vortex      |       |       |       |       |       |       |       |       |    76 ||    76
         Lee's Rapid Decon |       |       |       |       |       |       |       |       |     5 ||     5
Ability: Breathe Frost     |       |       |     1 |       |       |     3 |     2 |       |     5 ||    11
  Evoke: Wand              |       |     1 |     4 |     4 |     4 |    18 |    13 |    10 |    33 ||    87
         Tin of tremorston |       |       |       |       |     2 |     1 |     1 |     5 |       ||     9
         Phial of floods   |       |       |       |       |       |       |     2 |       |     3 ||     5
         Condenser vane    |       |       |       |       |       |       |       |     2 |     6 ||     8
         Phantom mirror    |       |       |       |       |       |       |       |       |     1 ||     1
    Use: Scroll            |       |       |       |    22 |     7 |    13 |     4 |     1 |    27 ||    74
         Potion            |       |       |       |     1 |       |     6 |     3 |     8 |    47 ||    65
   Stab: Sleeping          |     4 |     1 |     2 |     2 |     2 |    13 |    10 |    14 |     5 ||    53
         Distracted        |       |       |     3 |     1 |     1 |     1 |     1 |     1 |       ||     8
         Held in net/web   |       |       |       |       |       |       |       |     1 |       ||     1
 Armour: Skin              |     6 |    21 |    42 |    93 |   282 |   329 |   206 |   313 |   819 ||  2111
  Dodge: Dodged            |    25 |    46 |   154 |   369 |   812 |   419 |   275 |   393 |   975 ||  3468
  Block: Buckler           |       |       |       |       |       |    87 |   156 |   252 |   519 ||  1014

Table legend: (Time is in decaauts)
 A = Elapsed time spent in this place.
 B = Non-inter-level travel time spent in this place.
 C = Inter-level travel time spent in this place.
 D = Time resting spent in this place.
 E = Time spent auto-exploring this place.
 F = Levels seen in this place.
 G = Mean time per level.
                   A        B        C        D        E       F      G
               +--------+--------+--------+--------+--------+-----+--------+
         Total |  86840 |  76574 |  10266 |   3341 |  52750 |  89 |  975.7 |
       Dungeon |  23263 |  19137 |   4126 |    693 |  14339 |  15 | 1550.9 |
          Lair |   9585 |   8269 |   1316 |    293 |   6041 |   5 | 1917.0 |
         Swamp |   5354 |   5089 |    265 |    541 |   3519 |   4 | 1338.5 |
     Snake Pit |   4645 |   4288 |    357 |    216 |   3024 |   4 | 1161.2 |
    Slime Pits |   2227 |   2066 |    161 |     69 |   1217 |   5 |  445.4 |
  Orcish Mines |   3449 |   3075 |    374 |    161 |   1951 |   2 | 1724.5 |
   Elven Halls |   3244 |   3057 |    187 |      0 |   2212 |   3 | 1081.3 |
        Vaults |   8850 |   7610 |   1240 |    286 |   5550 |   5 | 1770.0 |
         Crypt |   3732 |   3445 |    287 |      0 |   2593 |   3 | 1244.0 |
        Depths |   6995 |   5492 |   1503 |    124 |   4087 |   4 | 1748.8 |
           Zot |   6930 |   6484 |    446 |    490 |   4282 |   5 | 1386.0 |
         Abyss |    366 |    366 |      0 |     22 |    109 |   4 |   91.5 |
      Ziggurat |   4196 |   4196 |      0 |     23 |   2068 |  25 |  167.8 |
        Bazaar |    133 |    133 |      0 |      0 |     85 |   1 |  133.0 |
         Sewer |    716 |    716 |      0 |      6 |    400 |   1 |  716.0 |
      Ice Cave |   1540 |   1540 |      0 |    276 |    497 |   1 | 1540.0 |
        Wizlab |    675 |    675 |      0 |     10 |    390 |   1 |  675.0 |
    Desolation |    932 |    932 |      0 |    130 |    382 |   1 |  932.0 |
               +--------+--------+--------+--------+--------+-----+--------+

Top non-repeatable levels by time:
     D:9: 2674 daAuts
Depths:3: 2497 daAuts
   Orc:2: 2356 daAuts
  Lair:4: 2329 daAuts
    D:14: 2262 daAuts
     D:7: 2250 daAuts
    D:10: 2193 daAuts
  Lair:2: 2129 daAuts
Vaults:4: 2077 daAuts
Vaults:1: 1989 daAuts
  Lair:5: 1942 daAuts
  Lair:1: 1917 daAuts
 Swamp:2: 1910 daAuts
   Zot:5: 1900 daAuts
 Crypt:3: 1831 daAuts
